 Dungeon Crawl Stone Soup version 0.27.1-1-g398f81649c (webtiles) character file.

Game seed: 4777300814527006193

104 Metae the Sneak (level 4, -2/34 HPs)
             Began as a Vampire Brigand on Sept 10, 2021.
             Slain by a river rat (4 damage)
             ... in a sewer.
             The game lasted 00:09:16 (1643 turns).

Metae the Sneak (Vampire Brigand)                   Turns: 1643, Time: 00:09:17

Health: -2/34      AC:  3    Str: 10    XL:     4   Next: 52%
Magic:  4/4        EV: 12    Int: 13    God:
Gold:   50         SH:  0    Dex: 16    Spells: 3/3 levels left

rFire    . . .     SeeInvis +   a - +2 dagger
rCold    . . .     Faith    .   (no shield)
rNeg     . . .     Spirit   .   b - +0 robe
rPois    .         Reflect  .   (no helmet)
rElec    .         Harm     .   c - +0 cloak
rCorr    .         Rampage  .   (no gloves)
Will     .....                  (no boots)
Stlth    ++........             (no amulet)
HPRegen  0.31/turn              (no ring)
MPRegen  0.09/turn              (no ring)

@: healing quickly, very slow
A: alive, fangs 3, see invisible, vampiric 2
a: Exsanguinate


You were in a sewer.
You visited 1 branch of the dungeon, and saw 3 of its levels.
You also visited: Sewer.

You collected 50 gold pieces.

Inventory:

Hand Weapons
 a - a +2 dagger (weapon)
Missiles
 d - 7 poisoned darts (quivered)
 e - 2 curare-tipped darts
Armour
 b - a +0 robe (worn)
 c - a +0 cloak (worn)
Scrolls
 g - a scroll of noise {unknown}
 i - a scroll of teleportation {unknown}
 j - a scroll of immolation {unknown}
 k - a scroll of enchant weapon {unknown}
 o - a scroll of identify {unknown}
Potions
 f - 4 potions of curing {unknown}
 h - a potion of haste {unknown}
 l - a potion of cancellation {unknown}
 m - a potion of might {unknown}
 n - a potion of heal wounds {unknown}
 p - a potion of magic {unknown}


   Skills:
 * Level 2.8 Fighting
 + Level 2.8 Short Blades
 * Level 2.6 Throwing
 - Level 1.1 Dodging
 + Level 6.5 Stealth


You had 3 spell levels left.
You didn't know any spells.
Your spell library was empty.

Dungeon Overview and Level Annotations

Branches:
Dungeon (3/15)              Sewer (1/1)

Altars:
Kikubaaqudgha

Shops:
D:2 (


Innate Abilities, Weirdness & Mutations

Your natural rate of healing is accelerated.
You have razor-sharp teeth.
You have supernaturally acute eyesight. (SInv)
You are afflicted with vampirism and can become a bat while bloodless.


Message History

Your unstable footing causes you to fumble your attack.
The river rat bites you but does no damage.
You hit the river rat.
The river rat is moderately wounded.
The river rat closely misses you.
You closely miss the river rat.
You bite the river rat, but do no damage.
The river rat is moderately wounded.
The rat splashes around in the water.
The river rat bites you.
Your unstable footing causes you to fumble your attack.
The rat closely misses you. The river rat closely misses you.
You closely miss the river rat.
The river rat is moderately wounded.
The rat misses you. The river rat barely misses you.
You barely miss the river rat.
The river rat is moderately wounded.
The rat barely misses you.
You completely miss the river rat.
The river rat is moderately wounded.
The river rat barely misses you.
The rat splashes around in the water.
Your unstable footing causes you to fumble your attack.
The river rat bites you.
Your unstable footing causes you to fumble your attack.
The rat splashes around in the water.
The river rat bites you.
You are too injured to fight recklessly!
You are too injured to fight recklessly!
You closely miss the river rat.
The river rat is moderately wounded.
The rat closely misses you. The river rat bites you!
Your unstable footing causes you to fumble your attack.
The rat bites you.
* * * LOW HITPOINT WARNING * * *
The river rat bites you!
* * * LOW HITPOINT WARNING * * *
Your unstable footing causes you to fumble your attack.
The rat barely misses you.
You hit the river rat.
The river rat is heavily wounded.
The river rat bites you.
You die...

. .. ...
####################....
...≈≈≈≈≈≈≈≈≈≈≈≈≈≈≈......
...≈≈≈≈≈≈≈≈≈.≈≈≈≈≈.....#
∩..≈≈≈≈≈≈≈≈#≈≈≈≈@r.....#
∩..≈≈≈≈≈≈≈††#≈≈≈≈r.....#
...≈≈≈≈≈≈≈.≈≈≈≈≈≈≈....##
...≈≈≈≈≈≈≈≈≈≈≈≈≈≈≈#.###
#####################


You could see a river rat and a rat.

Vanquished Creatures
  A hound (D:2)
  A river rat (Sewer)
  An adder (D:3)
  A dart slug (D:2)
  3 bats
  3 endoplasms (D:1)
  9 giant cockroaches
  3 goblins (D:1)
  A hobgoblin (D:2)
  7 kobolds
  4 quokkas (D:3)
  10 ball pythons
  7 rats
51 creatures vanquished.

Notes
Turn   | Place    | Note
-------+----------+-------------------------------------------
     0 | D:1      | Metae the Vampire Brigand began the quest for the Orb.
     0 | D:1      | Reached XP level 1. HP: 16/16 MP: 1/1
   121 | D:1      | Reached skill level 6 in Stealth
   121 | D:1      | Reached XP level 2. HP: 22/22 MP: 2/2
   700 | D:2      | Found Wutakhle's Weapon Shoppe.
   733 | D:2      | Gained mutation: You are afflicted with vampirism and can
                  | become a bat while bloodless. [Vampire growth]
   733 | D:2      | Reached XP level 3. HP: 25/27 MP: 3/3
   935 | D:2      | Found a faded altar of an unknown god.
  1079 | D:2      | Reached XP level 4. HP: 33/34 MP: 4/4
  1109 | D:2      | Found an ancient bone altar of Kikubaaqudgha.
  1497 | D:3      | Found a glowing drain.
  1524 | Sewer    | Entered a sewer
  1643 | Sewer    | Slain by a river rat

Illustrated notes

Levels and vault maps discovered:
D:1:      amcnicky_arrival_blooded_trapdoor, layout_rooms
D:2:      layout_basic, serial_shops, shop, dilly_ecumenical_altar_fadedgnrine,
          basic_altar
D:3:      layout_loops_ring, gup_sewer_entry_pipe, uniq_jessica, uniq_robin,
          uniq_grinder
Sewer:    sewer_minmay_w

Skill      XL: |  1  2 |
---------------+-------+-----
Fighting       | 2 |  2.8
Stealth        | 6 |  6.5
Throwing       | 2 |  2.6
Short Blades   | |  2.8
Dodging        | |  1.1

Action                   |  1- 3 |  4- 6 || total
-------------------------+-------+-------++-------
Melee: Dagger            |    56 |    86 ||   142
       Bite              |     3 |     7 ||    10
Throw: Dart              |    30 |     1 ||    31
 Stab: Sleeping          |     4 |     2 ||     6
Armor: Robe              |    18 |    17 ||    35
Dodge: Dodged            |    31 |    53 ||    84
